 Dungeon Crawl Stone Soup version 0.30.1 (webtiles) character file.

Game seed: 4879505126412279534

44 Peloso the Shield-Bearer (level 3, 0/33 HPs)
             Began as a Minotaur Fighter on July 12, 2023.
             Slain by Natasha (5 damage)
             ... on level 3 of the Dungeon.
             The game lasted 00:02:24 (1234 turns).

Peloso the Shield-Bearer (Minotaur Fighter)         Turns: 1234, Time: 00:02:25

Health: 0/33       AC: 10    Str: 17 (20) XL:     3   Next: 41%
Magic:  2/2        EV:  9    Int:  3 (5)  God:
Gold:   164        SH:  4    Dex:  9 (11) Spells: 2/2 levels left

rFire   . . .        a - +0 long sword
rCold   . . .        c - +0 buckler
rNeg    . . .        b - +0 scale mail
rPois   .            (helmet restricted)
rElec   .            (no cloak)
rCorr   .            (no gloves)
SInv    .            (no boots)
Will    .....        (no amulet) Stlth
                     (no ring)
HPRegen 0.25/turn    (no ring)
MPRegen 0.08/turn

%: no passive effects
@: attractive, hasted and slowed
A: horns 2, retaliatory headbutt, iridescent scales 1, shaggy fur 1
a: no special abilities


You were on level 3 of the Dungeon.
You visited 1 branch of the dungeon, and saw 3 of its levels.

You collected 164 gold pieces.

Inventory:

Hand Weapons
 a - a +0 long sword (weapon)
Armour
 b - a +0 scale mail (worn)
 c - a +0 buckler (worn)
Scrolls
 e - a scroll of identify
 g - 2 scrolls of amnesia
 h - a scroll of enchant weapon
 j - 2 scrolls of teleportation
Potions
 d - a potion of might


   Skills:
 + Level 3.8 Fighting
 + Level 2.9 Long Blades
 + Level 3.8 Armour
 + Level 1.2 Dodging
 + Level 4.5 Shields


You had 2 spell levels left.
You didn't know any spells.
Your spell library contained the following spells:

 Spells                   Type           Power      Damage    Failure   Level
 Dazzling Flash           Conj/Hex       0%         N/A       100%        3
 Agony                    Necr           0%         N/A       100%        5
 Silence                  Hex/Air        0%         N/A       100%        5


Dungeon Overview and Level Annotations

Branches:
Dungeon (3/15)

Altars:

Annotations:
D:3 Natasha


Innate Abilities, Weirdness & Mutations

You have a pair of horns on your head.
You reflexively headbutt those who attack you in melee.
You are partially covered in iridescent scales. (AC +2)
You are covered in fur. (AC +1)


Message History

You feel yourself slow down.
You closely miss something. You headbutt something.
The cerulean imp hits you with a +1 spear.
Something claws you but does no damage.
The cerulean imp hits you but does no damage.
Something claws you but does no damage.
You miss something. Your headbutt misses something.
The cerulean imp hits you with a +1 spear.
Something claws you.
The cerulean imp hits you but does no damage.
Something claws you.
* * * LOW HITPOINT WARNING * * *
You barely miss something. The cerulean imp barely misses you.
Something claws you.
* * * LOW HITPOINT WARNING * * *
The cerulean imp hits you but does no damage.
Something claws you but does no damage.
You closely miss something. Your headbutt misses something.
The cerulean imp hits you but does no damage.
You block something's attack.
The cerulean imp hits you with a +1 spear.
* * * LOW HITPOINT WARNING * * *
It was a potion of attraction.
You feel attractive to monsters.
The cerulean imp disappears in a puff of smoke!
Something claws you but does no damage. x2
It was a potion of mutation.
You feel extremely strange. Fur sprouts all over your body.
Iridescent scales grow over part of your body.
Something claws you but does no damage.
You slash something! Your headbutt misses something. Something claws you.
* * * LOW HITPOINT WARNING * * *
Something claws you but does no damage.
You feel yourself speed up.
You hear some strange, mumbled words.
Something claws you but does no damage.
The cerulean imp attacks as you move away!
The cerulean imp hits you but does no damage. x2
Something claws you.
You die...

#....).######.......# #.# #
#...................# #.#
#.#.............†.....# #.#
#.....#[..............# #.#
......#.............>## #.#
.#....##........###### #.#
.#...................# #.#
#...................# #.#
#............5.@....# #.#
#...........#'#.....# #.#
#..........##.#.....######.#
##.###+######.#.....'....#.#
#. #.#.....####.#.# #.
#.#####.#..#.#.# #.
#.#..#.#.# #. #.#..#.#.#
#.#..#.#.#


You could see a cerulean imp (summoned).

Vanquished Creatures
  2 dart slugs
  A worm (D:3)
  3 orcs (D:2)
  5 ball pythons
  5 endoplasms
  A giant cockroach (D:1)
  4 goblins
  2 hobgoblins
  2 kobolds
  A quokka (D:3)
  2 bats
  A frilled lizard (D:2)
  3 rats
32 creatures vanquished.

Notes
Turn   | Place    | Note
-------+----------+-------------------------------------------
     0 | D:1      | Peloso the Minotaur Fighter began the quest for the Orb.
     0 | D:1      | Reached XP level 1. HP: 19/19 MP: 0/0
    55 | D:1      | Reached skill level 4 in Shields
   161 | D:1      | Reached XP level 2. HP: 27/27 MP: 1/1
   287 | D:1      | Found a faded altar of an unknown god.
   722 | D:2      | Reached XP level 3. HP: 29/33 MP: 2/2
  1024 | D:3      | Reached skill level 1 in Dodging
  1219 | D:3      | Noticed Natasha
  1230 | D:3      | Gained mutation: You are covered in fur. (AC +1) [potion of
                  | mutation]
  1230 | D:3      | Gained mutation: You are partially covered in iridescent
                  | scales. (AC +2) [potion of mutation]
  1234 | D:3      | Slain by Natasha

Illustrated notes

Levels and vault maps discovered:
D:1:      wander_arrival_lonely_grave, layout_basic,
          dreamdust_ecumenical_altar_statues, chequers_mini_garden,
          hangedman_decor_clover_reticule, chequers_avenue
D:2:      layout_rooms
D:3:      layout_basic, chequers_decorated_corner, roderic_batcave, uniq_natasha

Skill      XL: |  1  2  3 |
---------------+----------+-----
Shields        | 4 |  4.5
Dodging        | 1 |  1.2
Fighting       | |  3.8
Long Blades    | |  2.9
Armour         | |  3.8

Action                     || total
---------------------------++-------
  Melee: Long sword        ||    82
         Headbutt          ||    13
    Use: Potion            ||     5
         Scroll            ||     3
 Armour: Scale mail        ||    49
  Dodge: Dodged            ||    34
  Block: Buckler           ||    19
